 Dungeon Crawl Stone Soup version 0.25-a0-98-g0cf78c2f83 (webtiles) character file.

Game seed: 11615531226544805190, levelgen mode: deterministic

72 Arixos the Skirmisher (level 4, 19/37 HPs)
             Began as a Demonspawn Monk on Nov 13, 2019.
             Quit the game on level 6 of the Dungeon.
             The game lasted 00:06:32 (2104 turns).

Arixos the Skirmisher (Demonspawn Monk)             Turns: 2104, Time: 00:06:32

Health: 19/37      AC:  9    Str: 12    XL:     4   Next: 6%
Magic:  4/4        EV:  6    Int: 12    God:
Gold:   101        SH:  0    Dex: 15    Spells: 3/3 levels left

rFire    . . .     SeeInvis .   h - +0 dagger (freeze)
rCold    . . .     Gourm    .   (no shield)
rNeg     . . .     Faith    .   f - +0 chain mail
rPois    .         Spirit   .   (no helmet)
rElec    .         Reflect  .   (no cloak)
rCorr    .         Harm     .   (no gloves)
MR       .....                  i - +0 pair of boots
Stlth    ..........             (no amulet)
HPRegen  0.12/turn              (no ring)
MPRegen  0.09/turn              (no ring)

@: no status effects
A: hooves 2
a: no special abilities


You were on level 6 of the Dungeon.
You were hungry.

You visited 1 branch of the dungeon, and saw 6 of its levels.

You collected 101 gold pieces.

Inventory:

Hand Weapons
 h - a +0 dagger of freezing (weapon)
Missiles
 e - 14 poisoned darts (quivered)
Armour
 f - a +0 chain mail (worn)
 i - a +0 pair of boots (worn)
Scrolls
 a - 2 scrolls of magic mapping {unknown}
 d - 4 scrolls of identify {unknown}
 g - a scroll of amnesia {unknown}
 j - 2 scrolls of teleportation {unknown}
 l - a scroll of remove curse {unknown}
Potions
 c - a potion of brilliance {unknown}
 k - a potion of lignification {unknown}
 m - a potion of haste {unknown}
Comestibles
 b - 4 rations


   Skills:
 + Level 3.7 Fighting
 + Level 1.8 Armour
 + Level 3.3 Dodging
 - Level 1.7 Stealth
 - Level 2.6 Unarmed Combat


You had 3 spell levels left.
You didn't know any spells.
Your spell library was empty.

Dungeon Overview and Level Annotations

Branches:
Dungeon (8/15)
 Temple: D:4-7         Lair: D:8-11

Altars:
Ashenzari
Okawaru
Yredelemnul

Shops:
D:7 *%


Innate Abilities, Weirdness & Mutations

You have hoof-like feet.


Message History

The orc shouts!
The orc hits you but does no damage.
An orc comes into view. It is wielding a -1 trident.
The phantom hits you.
The phantom blinks!
There is a stone staircase leading down here.
The orc throws a boomerang.
The boomerang hits you but does no damage.
The weapon returns to the orc!
An orc comes into view. It is wielding a +0 hand axe.
The orc hits you but does no damage.
An orc priest comes into view. It is wielding a +0 hand axe.
The orc shouts!
The orc priest shouts!
The orc throws a boomerang.
The boomerang hits you.
The weapon returns to the orc!
The phantom hits you.
You miss the adder. The adder bites you but does no damage.
The orc throws a boomerang.
The boomerang hits you but does no damage.
The weapon returns to the orc!
The orc hits you but does no damage. x2
The phantom hits you. The adder barely misses you.
Are you sure you want to abandon this character and quit the game? (Confirm with "yes".)

########
#......#
####......#
..........#
...o$.....#
...oo.....#
.###...Wo.###
.....oo@S>..#
###########.###
#.).....#
#.......#
#%...W..#
#.......#
#####....
#####. ..


You could see a phantom, an orc priest, an adder and 5 orcs.

Vanquished Creatures
  A gnoll (D:1)
  An ooze (D:1)
  A worm (D:2)
  A dart slug (D:2)
  2 leopard geckos (D:1)
  5 orcs (D:3)
  A giant cockroach (D:1)
  11 goblins
  7 hobgoblins
  2 quokkas
  3 bats
  2 kobolds
  A leopard gecko skeleton (D:7)
  5 rats
43 creatures vanquished.

Notes
Turn   | Place    | Note
-------+----------+-------------------------------------------
     0 | D:1      | Arixos the Demonspawn Monk began the quest for the Orb.
     0 | D:1      | Reached XP level 1. HP: 18/18 MP: 1/1
    99 | D:1      | Gained mutation: You have large cloven feet. [demonic
                  | ancestry]
    99 | D:1      | Reached XP level 2. HP: 13/24 MP: 2/2
   299 | D:1      | Reached skill level 1 in Armour
   580 | D:1      | Gained mutation: You have hoof-like feet. [demonic
                  | ancestry]
   580 | D:1      | Reached XP level 3. HP: 29/29 MP: 3/3
  1212 | D:2      | Found a basalt altar of Yredelemnul.
  1213 | D:2      | Found an iron altar of Okawaru.
  1217 | D:2      | Found a shattered altar of Ashenzari.
  1692 | D:3      | Reached XP level 4. HP: 25/37 MP: 4/4
  1820 | D:3      | You fall into a shaft and drop 3 floors!
  1821 | D:6      | Noticed a phantom
  1825 | D:7      | Noticed a bullfrog
  2046 | D:7      | Noticed a hungry ghost
  2052 | D:7      | Found Noomezoev's Food Shoppe.
  2065 | D:7      | Found Rkud's Retail Resort.
  2092 | D:7      | Noticed a bullfrog
  2104 | D:6      | Quit the game

Levels and vault maps discovered:
D:1:      wander_arrival_chamber, layout_loops_corners, minivault_14
D:2:      layout_rooms, minitemple
D:3:      layout_loops_ring, grunt_temple_overflow_diamond, uniq_robin
D:6:      layout_basic
D:7:      layout_basic, serial_shops, shop, nicolae_alphabet_shops,
          minivault_14, led_sif_pool
D:8:      layout_gridville, old_standard_altar, blue_anna_alchemist
          [blue_anna_fruit_fields, blue_anna_fruit_fields], item_on_display_a

Skill      XL: |  1  2 |
---------------+-------+-----
Dodging        | 3 |  3.3
Armour         | 1 |  1.8
Fighting       | |  3.7
Stealth        | |  1.7
Unarmed Combat | |  2.6

Action                   |  1- 3 |  4- 6 || total
-------------------------+-------+-------++-------
Melee: Short sword       |    19 |       ||    19
       Punch             |     3 |       ||     3
       Unarmed           |     2 |       ||     2
       Dagger            |   156 |    23 ||   179
       Kick              |     3 |       ||     3
 Stab: Sleeping          |     2 |       ||     2
  Eat: Chunk             |     2 |     1 ||     3
Armor: Robe              |     3 |       ||     3
       Chain mail        |    65 |    27 ||    92
Dodge: Dodged            |    55 |     8 ||    63

Table legend:
 A = Non-vault XP
 B = Vault XP
 C = Vault XP percentage of total XP
 D = Non-vault monster count
 E = Vault monster count
 F = Vault count percentage of total count
                 A         B        C        D         E       F
            +---------+---------+-------+---------+---------+-------
      Total |     103 |       0 |   0.0 |      43 |       0 |   0.0
            +---------+---------+-------+---------+---------+-------
        D:1 |      53 |       0 |   0.0 |      21 |       0 |   0.0
        D:2 |      30 |       0 |   0.0 |      14 |       0 |   0.0
        D:3 |      17 |       0 |   0.0 |       6 |       0 |   0.0
        D:7 |       3 |       0 |   0.0 |       2 |       0 |   0.0
            +---------+---------+-------+---------+---------+-------
